 Dungeon Crawl Stone Soup version 0.28.0-62-gf88900778d (webtiles) character file.

Game seed: 10105718181627921587

7590 cbfl8 the Cleaver (level 10, -4/90 HPs)
             Began as a Minotaur Fighter on July 5, 2023.
             Was a Priest of Okawaru.
             Slain by a komodo dragon (28 damage)
             ... on level 10 of the Dungeon.
             The game lasted 00:10:46 (8283 turns).

cbfl8 the Cleaver (Minotaur Fighter)                Turns: 8283, Time: 00:10:46

Health: -4/90      AC:  8    Str: 21    XL:     10   Next: 97%
Magic:  11/11      EV:  5    Int:  5    God:    Okawaru [***...]
Gold:   779        SH: 10    Dex: 14    Spells: 9/9 levels left

rFire   . . .      SeeInvis .   a - +0 war axe (freeze)
rCold   . . .      Faith    .   z - +0 kite shield
rNeg    . . .      Spirit   .   l - +0 plate armour
rPois   +          Reflect  .   (helmet restricted)
rElec   .          Harm     .   (no cloak)
rCorr   .          Rampage  .   w - +0 pair of gloves
Will    .....                   D - +0 pair of boots
Stlth   ..........              g - amulet of regeneration
HPRegen 1.05/turn               e - ring of flight
MPRegen 0.12/turn               B - ring of poison resistance

@: corroded, flying
A: horns 2, retaliatory headbutt
a: Renounce Religion, Heroism


You were on level 10 of the Dungeon.
You worshipped Okawaru.
Okawaru was most pleased with you.
You visited 2 branches of the dungeon, and saw 11 of its levels.

You collected 779 gold pieces.

Inventory:

Hand Weapons
 a - a +0 war axe of freezing (weapon)
Missiles
 x - a throwing net
 C - 3 silver boomerangs
Armour
 l - a +0 plate armour (worn)
 w - a +0 pair of gloves (worn)
 z - a +0 kite shield (worn)
 D - a +0 pair of boots (worn)
Jewellery
 e - a ring of flight (left hand)
 g - an amulet of regeneration (around neck)
 B - a ring of poison resistance (right hand)
 E - a ring of see invisible
Wands
 d - a wand of polymorph (11) (quivered)
 v - a wand of digging (5)
Scrolls
 b - 3 scrolls of fear
 c - a scroll of blinking
 f - 3 scrolls of fog
 j - 2 scrolls of enchant armour
 o - 2 scrolls of vulnerability {unknown}
 p - 4 scrolls of teleportation
 t - 2 scrolls of noise
Potions
 h - 2 potions of mutation {unknown}
 i - 2 potions of flight {unknown}
 k - a potion of cancellation {unknown}
 m - a potion of degeneration {unknown}
 n - 5 potions of curing
 q - 2 potions of attraction {unknown}
 r - 3 potions of invisibility {unknown}
 s - 2 potions of heal wounds {unknown}
 u - a potion of haste
 A - a potion of brilliance {unknown}
 F - a potion of might


   Skills:
 + Level 8.5 Fighting
 + Level 11.5 Axes
 * Level 3.2 Throwing
 + Level 9.1 Armour
 + Level 0.7 Dodging
 * Level 3.3 Stealth
 + Level 6.6 Shields
 + Level 1.1 Unarmed Combat
 * Level 3.5 Invocations
 * Level 5.7 Evocations


You had 9 spell levels left.
You didn't know any spells.
Your spell library contained the following spells:

 Spells                   Type           Power      Damage    Failure   Level
 Sandblast                Erth           0%         2d4       100%        1
 Blink                    Tloc           0%         N/A       100%        2
 Ensorcelled Hibernation  Hex/Ice        0%         N/A       100%        2
 Passwall                 Tmut/Erth      0%         N/A       100%        2
 Lesser Beckoning         Tloc           0%         N/A       100%        3
 Spider Form              Tmut/Pois      0%         N/A       100%        3
 Stone Arrow              Conj/Erth      0%         3d7       100%        3
 Anguish                  Hex/Necr       0%         N/A       100%        4
 Manifold Assault         Tloc           0%         N/A       100%        5
 Orb of Destruction       Conj           0%         9d5       100%        7
 Summon Guardian Golem    Hex/Summ       Unusable   N/A       N/A         3
 Spellforged Servitor     Conj/Summ      Unusable   N/A       N/A         7

Dungeon Overview and Level Annotations

Branches:
Dungeon (10/15)            Temple (1/1) D:7            Lair (0/6) D:10
    Orc: D:9-12

Altars:
Cheibriados
Fedhas
Gozag
Hepliaklqana
Kikubaaqudgha
Makhleb
Okawaru
Trog
Wu Jian

Annotations:
D:3 1 runed translucent door, Crazy Yiuf
D:10 Maurice


Innate Abilities, Weirdness & Mutations

You have a pair of horns on your head.
You reflexively headbutt those who attack you in melee.


Message History

You block Maurice's attack. Maurice claws you but does no damage.
You closely miss Maurice. You headbutt Maurice!
Maurice is severely wounded.
You block Maurice's attack. Maurice claws you but does no damage.
You hit Maurice. You freeze Maurice.
Maurice is almost dead.
You hit the komodo dragon but do no damage.
You block the komodo dragon's attack. Maurice spits acid at you.
The splash of acid hits you!!! The acid corrodes you!
You block the komodo dragon's attack.
You are too injured to fight recklessly!
Unknown command.
You are too injured to fight recklessly!
Unknown command.
You hit Maurice but do no damage.
Maurice is almost dead.
You hit the komodo dragon but do no damage.
You block Maurice's attack. Maurice claws you.
You block the komodo dragon's attack.
You barely miss Maurice.
Maurice is almost dead.
You hit the komodo dragon but do no damage.
Maurice bites you. You block Maurice's attack.
The komodo dragon barely misses you.
You hit Maurice but do no damage.
Maurice is almost dead.
You hit the komodo dragon.
The komodo dragon seems to slow down.
You freeze the komodo dragon. You block Maurice's attack. Maurice claws you.
You block the komodo dragon's attack.
You barely miss Maurice.
Maurice is almost dead.
You hit the komodo dragon but do no damage.
Maurice bites you but does no damage. You block Maurice's attack.
You completely miss Maurice.
Maurice is almost dead.
You closely miss the komodo dragon. Maurice bites you!
* * * LOW HITPOINT WARNING * * *
Maurice claws you but does no damage. The komodo dragon bites you!!
You die...

... ...### ...!.. ....
#.[#### #.....###
###..=.P.###
###..........###
........†.@....#
##........lD...##
#...............##
#...P.####)|..)... .
##.....#>.#).......≈≈
######......#..'...P.#.(≈.
............####.....#..≈.
#######.PP..............≈e
##.......)...P....≈=


You could see a komodo dragon (slow) and Maurice the acid dragon.

Vanquished Creatures
  A two-headed ogre (D:8)
  A kobold demonologist (D:10)
  A troll (D:9)
  Sigmund (D:3)
  A wyvern (D:8)
  A shadow (D:9)
  7 yaks
  3 water moccasins
  2 ice beasts
  3 black bears
  A necrophage (D:4)
  5 orc warriors
  6 ogres
  A phantom (D:6)
  A centaur (D:7)
  2 kobold brigands
  5 bullfrogs
  4 gnoll sergeants
  2 wyvern zombies (D:8)
  A water moccasin zombie (D:5)
  A scorpion (D:5)
  A wyvern skeleton (D:7)
  A killer bee (D:7)
  14 wights
  7 howler monkeys
  3 hounds (D:9)
  A jelly (D:6)
  7 orc priests
  2 bullfrog skeletons
  2 gnoll shamans (D:9)
  A centaur skeleton (D:6)
  Jessica (D:2)
  4 iguanas
  Ijyb (D:3)
  Natasha (thrice) (D:3)
  5 orc wizards
  Robin (D:3)
  23 gnolls
  4 adders
  A shadow imp (D:5)
  A white imp (D:8)
  2 worms (D:2)
  2 dart slugs
  25 orcs
  6 ball pythons
  5 bats
  3 endoplasms
  3 giant cockroaches
  14 goblins
  14 hobgoblins
  14 kobolds
  A quokka (D:3)
  2 frilled lizards (D:1)
  3 rats
227 creatures vanquished.

Vanquished Creatures (others)
  21 fungi (D:10)
  59 plants
80 creatures vanquished.

Grand Total: 307 creatures vanquished

Notes
Turn   | Place    | Note
-------+----------+-------------------------------------------
     0 | D:1      | cbfl8 the Minotaur Fighter began the quest for the Orb.
     0 | D:1      | Reached XP level 1. HP: 19/19 MP: 0/0
   264 | D:1      | Reached XP level 2. HP: 27/27 MP: 1/1
   893 | D:2      | Noticed Jessica
   898 | D:2      | Killed Jessica
   899 | D:2      | Reached skill level 3 in Axes
   899 | D:2      | Reached skill level 1 in Evocations
   899 | D:2      | Reached XP level 3. HP: 33/33 MP: 2/2
   993 | D:2      | Found a faded altar of an unknown god.
  1112 | D:2      | Reached XP level 4. HP: 39/40 MP: 3/3
  1395 | D:3      | Noticed Natasha
  1396 | D:3      | Noticed an ogre
  1399 | D:3      | Killed Natasha
  1447 | D:4      | Killed an ogre
  1448 | D:4      | Reached skill level 4 in Axes
  1448 | D:4      | Reached XP level 5. HP: 32/47 MP: 4/4
  1597 | D:3      | Noticed Sigmund
  1605 | D:3      | Killed Sigmund
  1606 | D:3      | Reached skill level 5 in Axes
  1606 | D:3      | Reached XP level 6. HP: 49/53 MP: 5/5
  1672 | D:3      | Noticed Ijyb
  1715 | D:3      | Killed Ijyb
  1716 | D:3      | Reached skill level 5 in Fighting
  1825 | D:3      | Noticed Natasha
  1832 | D:3      | Killed Natasha
  1898 | D:3      | Noticed Robin
  1906 | D:3      | Killed Robin
  1965 | D:3      | Noticed Natasha
  1970 | D:3      | Killed Natasha
  2238 | D:3      | Found a runed translucent door.
  2239 | D:3      | Noticed Crazy Yiuf
  2692 | D:4      | Reached skill level 6 in Axes
  2692 | D:4      | Reached skill level 5 in Armour
  2692 | D:4      | Reached XP level 7. HP: 62/62 MP: 6/6
  2904 | D:4      | Found an opulent altar of Gozag.
  3066 | D:5      | Entered Level 5 of the Dungeon
  3126 | D:5      | You are sucked into a shaft and drop 3 floors!
  3182 | D:6      | Reached skill level 5 in Shields
  3219 | D:6      | Reached skill level 7 in Axes
  3378 | D:5      | Reached XP level 8. HP: 69/70 MP: 7/7
  4165 | D:6      | Reached skill level 8 in Axes
  4623 | D:6      | Reached XP level 9. HP: 79/79 MP: 8/8
  4887 | D:7      | Found an ornate altar of the Wu Jian Council.
  5107 | D:7      | Reached skill level 9 in Axes
  5201 | D:7      | Found a staircase to the Ecumenical Temple.
  5302 | Temple   | Entered the Ecumenical Temple
  5360 | Temple   | Became a worshipper of Warmaster Okawaru
  5879 | D:8      | Reached skill level 10 in Axes
  5986 | D:8      | Reached skill level 1 in Throwing
  5986 | D:8      | Reached skill level 1 in Invocations
  5986 | D:8      | Reached skill level 5 in Evocations
  5986 | D:8      | Reached * piety under Okawaru
  5990 | D:8      | Noticed a two-headed ogre
  5994 | D:8      | Reached skill level 1 in Stealth
  5998 | D:8      | Killed a two-headed ogre
  5999 | D:8      | Reached XP level 10. HP: 23/88 MP: 8/10
  6832 | D:9      | Found a blossoming altar of Fedhas.
  7114 | D:9      | Reached ** piety under Okawaru
  7125 | D:9      | Reached skill level 11 in Axes
  7554 | D:9      | Reached skill level 1 in Unarmed Combat
  7560 | D:9      | Reached *** piety under Okawaru
  7950 | D:10     | Entered Level 10 of the Dungeon
  8045 | D:10     | Noticed a rust devil
  8182 | D:10     | Noticed a deep elf pyromancer
  8202 | D:10     | Found a staircase to the Lair.
  8269 | D:10     | Noticed Maurice
  8271 | D:10     | Noticed Maurice
  8283 | D:10     | Slain by a komodo dragon

Illustrated notes

Levels and vault maps discovered:
D:1:      elethiomel_arrival_infinity_welcomes_careful_drivers,
          layout_loops_ring, minivault_5
D:2:      layout_rooms, hellmonk_ecumenical_altar_arch_garden,
          minmay_hexomino_f4, uniq_jessica
D:3:      layout_loops_ring, uniq_natasha, uniq_ijyb, uniq_crazy_yiuf_cottage,
          uniq_sigmund, uniq_robin
D:4:      layout_loops_corners, marbit_many_paths, st_stairs_7, minivault_11
D:5:      layout_loops_cross
D:6:      layout_loops_cross, grunt_ministairs_15
D:7:      layout_basic, mainiacjoe_overflow_paths,
          minmay_temple_entry_crystal_x, kennysheep_generic_room_16
D:8:      layout_loops_ring, minmay_between
D:9:      kennysheep_housing_project, layout_basic, fedhas_altar_1,
          hangedman_decor_growths
D:10:     layout_rooms, mainiacjoe_overflow_brackets,
          grunt_lair_entry_orc_guard_hut, nicolae_trove_entry_free_sample,
          uniq_maurice, uniq_maggie
Temple:   mainiacjoe_temple_coin_purse

Skill      XL: |  1  2  3  4  5  6  7  8  9 10 |
---------------+-------------------------------+-----
Fighting       | 4 5 6 7 8 |  8.5
Axes           | 3 4 5 6 7 8 10 11 | 11.5
Armour         | 4 5 6 8 9 |  9.1
Shields        | 4 5 6 |  6.6
Evocations     | 1 2 3 4 5 |  5.7
Throwing       | 1 3 |  3.2
Invocations    | 1 3 |  3.5
Stealth        | 1 3 |  3.3
Unarmed Combat | 1 |  1.1
Dodging        | |  0.7

Action                   |  1- 3 |  4- 6 |  7- 9 | 10-12 || total
-------------------------+-------+-------+-------+-------++-------
Melee: War axe           |    44 |    89 |   291 |   257 ||   681
       Headbutt          |    10 |    11 |    52 |    68 ||   141
       Unarmed           |       |    17 |       |     8 ||    25
Evoke: Wand              |       |       |     3 |     5 ||     8
  Use: Potion            |       |     1 |     3 |     2 ||     6
       Scroll            |       |       |     8 |     3 ||    11
Armor: Scale mail        |    15 |       |       |       ||    15
       Plate armour      |    14 |    51 |   188 |   125 ||   378
Dodge: Dodged            |    16 |    22 |    84 |    51 ||   173
Block: Buckler           |     7 |    23 |    37 |       ||    67
       Kite shield       |       |       |    70 |   136 ||   206
